 Dungeon Crawl Stone Soup version 0.28.0 (webtiles) character file.

Game seed: 4390743827927886571

2581 GrayStillPlays the Conjurer (level 9, -16/48 HPs)
             Began as a Vine Stalker Conjurer on Feb 7, 2022.
             Was an Initiate of Vehumet.
             Killed from afar by Pikel (33 damage)
             ... with a bolt of acid
             ... on level 7 of the Dungeon.
             The game lasted 00:17:51 (8058 turns).

GrayStillPlays the Conjurer (Vine Stalker Conjurer) Turns: 8058, Time: 00:17:51

Health: -16/48     AC:  8    Str: 10    XL:     9   Next: 58%
Magic:  0/18       EV: 10    Int: 30    God:    Vehumet [......]
Gold:   316        SH:  0    Dex: 13    Spells: 16/19 levels left

rFire   . . .      SeeInvis .   R - +3 spear (vamp) {polearm}
rCold   . . .      Faith    .   (no shield)
rNeg    . . .      Spirit   +   q - +5 ring mail "Zoggi" {Int+2}
rPois   .          Reflect  .   (no helmet)
rElec   .          Harm     .   (no cloak)
rCorr   .          Rampage  .   (no gloves)
Will    +....                   T - +0 pair of boots
Stlth   +.........              s - amulet of regeneration {@e2}
HPRegen 1.76/turn               K - +6 ring of intelligence
MPRegen 0.16/turn               u - +4 ring of protection

@: corroded
A: fangs 3, regeneration 1, magic shield, antimagic bite, no potion heal 2
a: Renounce Religion


You were on level 7 of the Dungeon.
You worshipped Vehumet.
Vehumet was noncommittal.
You visited 2 branches of the dungeon, and saw 8 of its levels.

You collected 316 gold pieces.


Innate Abilities, Weirdness & Mutations

You have razor-sharp teeth.
Your natural rate of healing is unusually fast.
When hurt, damage is shared between your health and your magic reserves.
Your bite disrupts and absorbs the magic of your enemies.
Potions cannot restore your health.


   Skills:
 * Level 6.0 Fighting
 * Level 5.9 Armour
 - Level 2.1 Dodging
 - Level 2.4 Stealth
 + Level 5.9 Spellcasting
 + Level 6.7 Conjurations


You had 16 spell levels left.
You knew the following spells:

 Your Spells              Type           Power      Damage    Failure   Level
a - Magic Dart            Conj           100%       1d8       1%          1
b - Searing Ray           Conj           98%        2d8       1%          2

Your spell library contained the following spells:

 Spells                   Type           Power      Damage    Failure   Level
 Dazzling Flash           Conj/Hex       58%        N/A       9%          3
 Apportation              Tloc           16%        N/A       12%         1
 Fulminant Prism          Conj/Hex       14%        3d9       30%         4
 Iskenderun's Mystic Bla  Conj/Tloc      29%        2d7       30%         4
 Alistair's Intoxication  Tmut/Pois      5%         N/A       98%         5

Inventory:

Hand Weapons
 x - the +1 hand axe of Hebu {flame, Dex+4, axe}
   (You found it on level 3 of the Dungeon)

   It burns those it strikes, dealing additional fire damage.
   Big, fiery blades are also staple armaments of hydra-hunters.
   Dex:       It affects your dexterity (+4).
 R - a +3 vampiric spear (weapon) {polearm}
   (You took it off a gnoll sergeant on level 5 of the Dungeon)
 W - a +5 great sword {long}
   (You took it off a wight on level 6 of the Dungeon)
Missiles
 c - 220 stones {throwing}
 k - 11 poisoned darts {throwing}
 w - 4 javelins {throwing}
 B - 8 bolts
 H - 5 silver javelins {throwing}
 J - 133 arrows
 L - 29 sling bullets
 N - 6 boomerangs {throwing}
Armour
 q - the +5 ring mail "Zoggi" (worn) {Int+2}
   (You found it on level 2 of the Dungeon)

   Int:       It affects your intelligence (+2).
 T - a +0 pair of boots (worn)
   (You found it on level 6 of the Dungeon)
Jewellery
 m - a ring of willpower
   (You found it on level 2 of the Dungeon)
 s - an amulet of regeneration (around neck) {@e2}
   (You found it on level 3 of the Dungeon)
 u - a +4 ring of protection (right hand)
   (You found it on level 3 of the Dungeon)
 K - a +6 ring of intelligence (left hand)
   (You found it on level 4 of the Dungeon)
 P - a +6 ring of intelligence
   (You found it on level 5 of the Dungeon)
 U - a ring of ice
   (You found it on level 6 of the Dungeon)
Wands
 F - a wand of digging (4)
   (You found it on level 4 of the Dungeon)
 S - a wand of mindburst (8)
   (You found it on level 6 of the Dungeon)
Scrolls
 b - a scroll of torment {unknown}
 l - a scroll of immolation {unknown}
 o - a scroll of noise {unknown}
 t - 2 scrolls of fear {unknown}
 v - 2 scrolls of identify {unknown}
 y - a scroll of enchant weapon {unknown}
 C - 2 scrolls of teleportation {@r4}
 D - a scroll of holy word {unknown}
 I - a scroll of silence {unknown}
 Q - a scroll of enchant armour {unknown}
Potions
 i - a potion of degeneration {unknown}
 j - 2 potions of attraction {unknown}
 n - a potion of haste {unknown}
 p - 3 potions of berserk rage {unknown}
 r - 4 potions of curing {unknown}
 z - 2 potions of heal wounds {unknown}
 A - 4 potions of lignification {unknown}
 E - a potion of might {unknown}
 G - 2 potions of mutation {unknown}
 M - 2 potions of invisibility {unknown}
 O - a potion of resistance {unknown}
 V - 2 potions of cancellation {unknown}

Dungeon Overview and Level Annotations

Branches:
Dungeon (7/15)             Temple (1/1) D:6

Altars:
Ashenzari
Cheibriados
Dithmenos
Elyvilon
Gozag
Kikubaaqudgha
Makhleb
Nemelex Xobeh
Qazlal
Ru
Sif Muna
Trog
Uskayaw
Vehumet
Wu Jian
Yredelemnul
Zin
The Shining One
Beogh

Annotations:
D:4 1 runed translucent door, Crazy Yiuf
D:7 Pikel

### ..# #.## #..
#.# #########
####.#
........####Z5K@#
......[.#..#†####
...............#
..........##.#.#
.......<#......#
.............###
........####.#
........# #...
........# #.#.#


You could see Pikel, a lemure and a howler monkey skeleton.


Message History

The bullfrog skeleton hits you but does no damage.
The lemure hits you but does no damage. 😕 MP[-1]
You lost 1 mp, and now have 15/18 mp.
You barely miss the lemure. You punch the lemure, but do no damage.
You bite the lemure, but do no damage. The bullfrog skeleton misses you.
The bullfrog skeleton closely misses you.
The lemure hits you. 😕 HP[-2] MP[-2]
You take 2 damage, and now have 43/48 hp.
You lost 2 mp, and now have 13/18 mp.
You closely miss the lemure.
The bullfrog skeleton barely misses you.
The lemure barely misses you. 😕 HP[+2]
You regained 2 hp, and now have 45/48 hp.
You puncture the lemure!
You kill the lemure!
That felt strangely unrewarding.
The bullfrog skeleton hits you but does no damage. x2 😕 HP[+2]
You regained 2 hp, and now have 47/48 hp.
You puncture the bullfrog skeleton!
You destroy the bullfrog skeleton!
Vehumet accepts your kill. 😎 HP[+1] MP[+1]
Your hp is fully restored (48).
You see here a water moccasin corpse.
A lemure comes into view.
The lemure moves out of view.
A lemure comes into view.
Pikel, Merchant of Souls comes into view.
He is wielding a +0 whip of flaming and carrying a wand of acid (9).
A howler monkey skeleton comes into view. 😎 MP[+1]
The lemure shouts!
Pikel shouts!
You see here a water moccasin corpse. 😎 MP[+1]
You hit the lemure. 😎 MP[+1]
The lemure hits you but does no damage. The lemure misses you.
You hit the lemure but do no damage. The lemure misses you.
The lemure barely misses you. The lemure barely misses you.
You hit the lemure. You bite the lemure. You drain its power.
You feel invigorated. The lemure barely misses you.
The lemure hits you but does no damage. 😎 MP[+1]
Your mp is fully restored (18).
You hit the lemure. You bite the lemure.
You kill the lemure!
That felt strangely unrewarding.
You hit Pikel but do no damage. You bite Pikel, but do no damage.
Pikel hits you with a +0 whip of flaming.
Pikel burns you. 😕 HP[-4] MP[-2]
You take 4 damage, and now have 44/48 hp.
You lost 2 mp, and now have 16/18 mp.
You hit Pikel but do no damage. Your bite misses Pikel.
Pikel barely misses you. x2 😕 HP[+2]
You regained 2 hp, and now have 46/48 hp.
You closely miss Pikel.
Pikel hits you with a +0 whip of flaming.
Pikel burns you. 😕 MP[-1]
You lost 1 mp, and now have 15/18 mp.
You closely miss Pikel. Your bite misses Pikel.
Pikel zaps a wand.
The bolt of acid misses you. 😎 HP[+2] MP[+1]
Your hp is fully restored (48).
You barely miss Pikel. Pikel hits you but does no damage.
You hit Pikel but do no damage. Pikel hits you but does no damage.
You hit Pikel.
Pikel hits you with a +0 whip of flaming.
Pikel burns you. 😕 HP[-3]
You take 3 damage, and now have 45/48 hp.
You puncture Pikel!
You feel better.
Pikel zaps a wand.
The bolt of acid hits you!! The acid corrodes you! 😮 HP[-20] MP[-7]
You take 20 damage, and now have 25/48 hp.
MASSIVE DAMAGE!! (PAUSE)
You lost 7 mp, and now have 9/18 mp.
You barely miss Pikel. You bite Pikel, but do no damage.
Pikel zaps a wand.
The bolt of acid hits you!
* * * LOW HITPOINT WARNING * * *
The acid corrodes you! 😨 HP[-10] MP[-3]
You take 10 damage, and now have 15/48 hp.
MASSIVE DAMAGE!! (PAUSE)
You lost 3 mp, and now have 6/18 mp.
You closely miss Pikel. Your bite misses Pikel.
Pikel zaps a wand.
The bolt of acid hits you!!!
Ouch! That really hurt!
You die...

Skill      XL: |  1  2  3  4  5  6  7  8  9 |
---------------+----------------------------+-----
Dodging        | 2 |  2.1
Spellcasting   | 3 4 5 |  5.9
Armour         | 1 2 3 5 |  5.9
Fighting       | 1 2 3 5 6 |  6.0
Conjurations   | 5 6 |  6.7
Stealth        | |  2.4

Action                   |  1- 3 |  4- 6 |  7- 9 || total
-------------------------+-------+-------+-------++-------
Melee: Unarmed           |     3 |       |       ||     3
       Bite              |     1 |     5 |    97 ||   103
       Dagger            |     2 |    11 |       ||    13
       Punch             |       |     1 |     5 ||     6
       Hand axe          |       |     1 |    78 ||    79
       Spear             |       |       |   170 ||   170
 Cast: Magic Dart        |    70 |    83 |    43 ||   196
       Searing Ray       |       |     2 |    15 ||    17
  Use: Scroll            |       |       |     1 ||     1
 Stab: Sleeping          |       |       |     1 ||     1
Armor: Ring mail         |     4 |    10 |   175 ||   189
Dodge: Dodged            |     7 |    12 |   206 ||   225

Levels and vault maps discovered:
D:1:      evilmike_arrival_crescent, layout_basic, minmay_pentomino_v4
D:2:      layout_basic, basic_altar, minmay_misc_feat_nine_boxes, minmay_puff
D:3:      layout_basic, nicolae_qazlal_style_of_elements,
          hellmonk_ecumenical_altar_defaced_shrine, uniq_jessica
D:4:      layout_layer_cave, small_statue_intersection, uniq_crazy_yiuf_cottage,
          uniq_grinder
D:5:      layout_loops_ring, nicolae_elyvilon_temple_path, zin_angel,
          mainiacjoe_overflow_chevrons, nicolae_elevator_lobby_asterisk
D:6:      layout_rooms, nzn_wu_jian_contemplation,
          nicolae_ru_sacrificial_ziggurat, kennysheep_slug_shrine,
          nicolae_dithmenos_shadow_blocks, lemuel_temple_firewalk_b,
          kennysheep_generic_room_9
D:7:      layout_basic, uniq_duvessa, uniq_pikel
Temple:   cyrus_temple_forest

Notes
Turn   | Place    | Note
-------+----------+-------------------------------------------
     0 | D:1      | GrayStillPlays the Vine Stalker Conjurer began the quest
                  | for the Orb.
     0 | D:1      | Reached XP level 1. HP: 9/9 MP: 4/4
     0 | D:1      | magus.rc [v1.9.6]
   238 | D:1      | Reached XP level 2. HP: 13/13 MP: 4/6
   539 | D:1      | Reached skill level 2 in Dodging
   727 | D:1      | You fall into a shaft and drop 1 floor!
   730 | D:2      | Reached XP level 3. HP: 15/16 MP: 5/8
  1730 | D:2      | Found a basalt altar of Yredelemnul.
  2086 | D:2      | Identified the +5 ring mail "Zoggi" {Int+2}
  2386 | D:3      | Reached skill level 3 in Spellcasting
  2481 | D:3      | Noticed Jessica
  2483 | D:3      | Killed Jessica
  2484 | D:3      | Reached skill level 1 in Armour
  2484 | D:3      | Gained mutation: Your natural rate of healing is unusually
                  | fast. [Vine Stalker growth]
  2484 | D:3      | Reached XP level 4. HP: 21/21 MP: 6/9
  2578 | D:3      | Reached XP level 5. HP: 24/24 MP: 5/10
  2647 | D:3      | Learned a level 2 spell: Searing Ray
  2816 | D:3      | Found a faded altar of an unknown god.
  2853 | D:3      | Identified the +1 hand axe of Hebu {flame, Dex+4}
  2914 | D:3      | Found a stormy altar of Qazlal.
  2920 | D:3      | Noticed a fire elemental
  2920 | D:3      | Noticed an air elemental
  2921 | D:3      | Noticed a water elemental
  3543 | D:4      | Reached skill level 2 in Armour
  3704 | D:4      | Reached skill level 1 in Fighting
  3704 | D:4      | Reached skill level 5 in Conjurations
  3704 | D:4      | Reached XP level 6. HP: 30/30 MP: 0/12
  3977 | D:4      | Noticed Grinder
  4002 | D:4      | Killed Grinder
  4003 | D:4      | Reached skill level 2 in Fighting
  4003 | D:4      | Reached skill level 3 in Armour
  4003 | D:4      | Reached skill level 4 in Spellcasting
  4003 | D:4      | Reached XP level 7. HP: 35/35 MP: 0/14
  4968 | D:4      | Found a runed translucent door.
  4969 | D:4      | Noticed Crazy Yiuf
  5182 | D:5      | Entered Level 5 of the Dungeon
  5249 | D:5      | Reached skill level 3 in Fighting
  5468 | D:5      | Found a white marble altar of Elyvilon.
  5558 | D:5      | Found an opulent altar of Gozag.
  5592 | D:5      | Gained mutation: You have razor-sharp teeth. [Vine Stalker
                  | growth]
  5592 | D:5      | Reached XP level 8. HP: 40/40 MP: 10/15
  5598 | D:5      | Reached skill level 4 in Armour
  5693 | D:5      | Reached skill level 4 in Fighting
  5768 | D:5      | You pick up a book of Party Tricks and begin reading...
  5768 | D:5      | You add the spells Apportation and Alistair's Intoxication
                  | to your library.
  5807 | D:5      | Found a glowing silver altar of Zin.
  5807 | D:5      | Noticed an angel
  6254 | D:6      | Reached skill level 5 in Spellcasting
  6296 | D:5      | Reached skill level 6 in Conjurations
  6686 | D:5      | HP: 9/42 [orc warrior (9)]
  6716 | D:5      | HP: 6/42 [orc warrior (10)]
  6835 | D:6      | Found a snail-covered altar of Cheibriados.
  6866 | D:6      | Reached skill level 5 in Armour
  6888 | D:6      | Found a shadowy altar of Dithmenos.
  6951 | D:6      | Reached skill level 5 in Fighting
  6951 | D:6      | Reached XP level 9. HP: 47/47 MP: 16/18
  7374 | D:6      | Found an ornate altar of the Wu Jian Council.
  7430 | D:6      | Found a sacrificial altar of Ru.
  7667 | D:6      | Found a staircase to the Ecumenical Temple.
  7676 | Temple   | Entered the Ecumenical Temple
  7752 | Temple   | Became a worshipper of Vehumet
  8005 | D:7      | Reached skill level 6 in Fighting
  8030 | D:7      | Noticed Pikel
  8058 | D:7      | Killed from afar by Pikel

Vanquished Creatures
  Grinder (D:4)
  A water moccasin (D:7)
  A sky beast (D:6)
  2 orc warriors
  A black bear (D:6)
  A necrophage (D:5)
  3 ogres
  2 centaurs (D:5)
  3 phantoms
  3 lemures (D:7)
  A gnoll sergeant (D:5)
  A scorpion (D:6)
  A water moccasin zombie (D:4)
  6 wights (D:6)
  A howler monkey (D:4)
  A hound (D:6)
  An orc priest (D:3)
  2 jellies
  4 bullfrog skeletons
  A gnoll shaman (D:5)
  Jessica (D:3)
  A centaur skeleton (D:5)
  4 iguanas
  3 orc wizards
  A hound zombie (D:5)
  7 gnolls
  6 adders
  A shadow imp (D:5)
  3 dart slugs
  2 worms (D:3)
  16 orcs
  4 bats
  7 endoplasms
  A giant cockroach (D:3)
  3 goblins
  7 hobgoblins
  4 jackals (D:4)
  5 kobolds
  A quokka (D:3)
  9 ball pythons
  3 frilled lizards
  4 rats
130 creatures vanquished.

Vanquished Creatures (others)
  A plant (Temple)
1 creature vanquished.

Grand Total: 131 creatures vanquished

Table legend:
 A = Non-vault XP
 B = Vault XP
 C = Vault XP percentage of total XP
 D = Non-vault monster count
 E = Vault monster count
 F = Vault count percentage of total count
                 A         B        C        D         E       F
            +---------+---------+-------+---------+---------+-------
      Total |    3346 |     342 |   9.3 |     112 |      15 |  11.8
            +---------+---------+-------+---------+---------+-------
        D:1 |      28 |       8 |  22.2 |      16 |       4 |  20.0
        D:2 |      12 |       5 |  29.4 |       8 |       3 |  27.3
        D:3 |     115 |      49 |  29.9 |      19 |       5 |  20.8
        D:4 |     386 |     262 |  40.4 |      15 |       1 |   6.2
        D:5 |    1245 |       0 |   0.0 |      29 |       0 |   0.0
        D:6 |    1367 |      18 |   1.3 |      23 |       2 |   8.0
        D:7 |     193 |       0 |   0.0 |       2 |       0 |   0.0
            +---------+---------+-------+---------+---------+-------

Illustrated notes

Table legend:
 A = Kills in this place as a percentage of kills in entire the game.
 B = Kills by you in this place as a percentage of kills by you in the entire game.
 C = Kills by friends in this place as a percentage of kills by friends in the entire game.
 D = Other kills in this place as a percentage of other kills in the entire game.
 E = Experience gained in this place as a percentage of experience gained in the entire game.
 F = Experience gained in this place divided by the number of levels of this place that you have seen.
                   A       B       C       D       E      F
               +-------+-------+-------+-------+-------+----------------------
         Total | 100.0 | 100.0 |   N/A |   N/A | 100.0 | 461.0
       Dungeon | 100.0 | 100.0 |   N/A |   N/A | 100.0 | 526.9
               +-------+-------+-------+-------+-------+----------------------

Table legend: (Time is in decaauts)
 A = Elapsed time spent in this place.
 B = Non-inter-level travel time spent in this place.
 C = Inter-level travel time spent in this place.
 D = Time resting spent in this place.
 E = Time spent auto-exploring this place.
 F = Levels seen in this place.
 G = Mean time per level.
                   A        B        C        D        E       F      G
               +--------+--------+--------+--------+--------+-----+--------+
         Total |   8103 |   7856 |    247 |    366 |   6070 |   8 | 1012.9 |
       Dungeon |   8005 |   7779 |    226 |    366 |   6070 |   7 | 1143.6 |
        Temple |     98 |     77 |     21 |      0 |      0 |   1 |   98.0 |
               +--------+--------+--------+--------+--------+-----+--------+

Top non-repeatable levels by time:
     D:4: 1715 daAuts
     D:5: 1578 daAuts
     D:1: 1237 daAuts
     D:3: 1190 daAuts
     D:6: 1163 daAuts
     D:2: 1039 daAuts
  Temple: 98 daAuts
     D:7: 80 daAuts
